 Dungeon Crawl Stone Soup version 0.22.1-2-g9c5b331 (webtiles) character file.

4509 WarriorsX the Nimble (level 10, -1/77 HPs)
             Began as a Human Fighter on Dec 11, 2018.
             Was a Believer of Nemelex Xobeh.
             Killed from afar by an orc (14 damage)
             ... with a wand of acid (7)
             ... on level 8 of the Dungeon.
             The game lasted 00:22:13 (9096 turns).

WarriorsX the Nimble (Human Fighter)                Turns: 9096, Time: 00:22:14

Health: -1/77      AC: 14    Str: 17 (19) XL:     10   Next: 65%
Magic:  14/14      EV:  9    Int: 10      God:    Nemelex Xobeh [**....]
Gold:   292        SH:  0    Dex: 12      Spells: 9/9 levels left

rFire    . . .     SeeInvis .   p - +1 trident (protect)
rCold    . . .     Gourm    .   (no shield)
rNeg     . . .     Faith    .   t - +0 plate armour
rPois    +         Spirit   .   (no helmet)
rElec    .         Reflect  .   (no cloak)
rCorr    .         Harm     .   (no gloves)
MR       .....                  (no boots)
Stlth    ..........             b - amulet of rage
HPRegen  0.22/turn              o - ring of poison resistance
MPRegen  0.14/turn              (no ring)

@: corroded, protection aura
A: no striking features
a: Renounce Religion, Evoke Berserk Rage


You were on level 8 of the Dungeon.
You worshipped Nemelex Xobeh.
Nemelex Xobeh was pleased with you.
You were not hungry.

You visited 2 branches of the dungeon, and saw 9 of its levels.

You collected 292 gold pieces.

Inventory:

Hand Weapons
 a - a +0 long sword
 p - a +1 trident of protection (weapon)
Armour
 n - a +1 large shield
 t - a +0 plate armour (worn)
Jewellery
 b - an amulet of rage (around neck)
 c - a cursed ring of teleportation {unknown}
 o - a ring of poison resistance (left hand)
Wands
 r - a wand of flame (27)
 w - a wand of iceblast (8)
Scrolls
 d - a scroll of blinking {unknown}
 e - a scroll of enchant armour
 g - 2 scrolls of remove curse
 h - 2 scrolls of teleportation
 i - a scroll of fear {unknown}
 j - a scroll of magic mapping {unknown}
 k - a scroll of random uselessness {unknown}
 m - 7 scrolls of identify
 q - a scroll of vulnerability {unknown}
 v - 2 scrolls of amnesia {unknown}
Potions
 l - a potion of lignification
 s - a potion of cancellation {unknown}
Comestibles
 f - 12 rations


   Skills:
 + Level 6.4 Fighting
 - Level 6.0 Long Blades
 - Level 2.1 Polearms
 - Level 4.1 Armour
 - Level 11.8 Dodging
 - Level 3.0 Shields
 - Level 6.0 Invocations
 - Level 5.0 Evocations


You had 9 spell levels left.
You didn't know any spells.
Your spell library was empty.

Dungeon Overview and Level Annotations

Branches:
Dungeon (8/15)             Temple (1/1) D:5
   Lair: D:8-11

Altars:
Ashenzari
Dithmenos
Elyvilon
Fedhas
Gozag
Hepliaklqana
Kikubaaqudgha
Makhleb
Nemelex Xobeh
Okawaru
Qazlal
Ru
Sif Muna
Trog
Uskayaw
Vehumet
Wu Jian
Xom
Yredelemnul
Zin
The Shining One


Message History

You start resting.
All of the chunks of flesh in your inventory have rotted away.
You start resting.
An orc comes into view. It is wielding a short sword.
The orc shouts!
The orc zaps a wand.
The bolt of acid misses you.
It is a wand of acid (9).
The orc zaps a wand.
The bolt of acid hits you! The acid corrodes you!
You are splashed with acid!
The acid burns!
The orc zaps a wand.
The bolt of acid hits you!
You are splashed with acid!
The acid burns!
* * * LOW HITPOINT WARNING * * *
The orc hits you but does no damage.
Things that are here:
an uncursed shortbow; 6 arrows; a centaur corpse You hit the orc.
Your weapon exudes an aura of protection.
The orc is heavily wounded.
The orc zaps a wand.
The bolt of acid hits you!
You die...
Your body disappears without a glow.

.# #.##..........#
.# #.##.##########
.# #.##.# .########
#.##.# .........
#....# #########
###### '.......
####################
...).....(..)...@o.#
##################.#
# . .#


You could see an orc.

Vanquished Creatures
  A two-headed ogre (D:8)
  Pikel (D:4)
  A hornet (D:8)
  Sigmund (D:2)
  A wyvern (D:8)
  An orc warrior (D:7)
  3 ogres
  A phantom (D:7)
  A sky beast (D:6)
  2 centaurs
  A crimson imp (D:6)
  A howler monkey (D:6)
  A bullfrog zombie (D:5)
  3 hounds
  3 orc priests
  An orc wizard (D:5)
  A quasit (D:8)
  A centaur skeleton (D:6)
  An iguana (D:8)
  6 worker ants
  A killer bee zombie (D:6)
  A hound skeleton (D:5)
  3 hound zombies
  A howler monkey zombie (D:7)
  3 gnolls (D:3)
  9 adders
  2 shadow imps
  3 oozes
  An adder skeleton (D:8)
  6 worms
  3 dart slugs
  4 leopard geckos
  19 orcs
  A ball python (D:1)
  8 bats
  A giant cockroach (D:3)
  9 goblins
  3 hobgoblins
  6 jackals
  6 kobolds
  2 quokkas
  5 frilled lizards
  A quokka zombie (D:6)
  13 rats
143 creatures vanquished.

Vanquished Creatures (collateral kills)
  Menkaure (D:7)
  2 crimson imps
  A centaur skeleton (D:5)
  An orc wizard (D:6)
  A hound skeleton (D:6)
  4 orcs
  4 jackals (D:6)
  A quokka (D:6)
15 creatures vanquished.

Vanquished Creatures (others)
  An orc wizard (D:8)
  A ball lightning (D:8)
  2 jackals (D:4)
4 creatures vanquished.

Grand Total: 162 creatures vanquished

Notes
Turn   | Place    | Note
-------+----------+-------------------------------------------
     0 | D:1      | WarriorsX the Human Fighter began the quest for the Orb.
     0 | D:1      | Reached XP level 1. HP: 18/18 MP: 1/1
    68 | D:1      | Reached XP level 2. HP: 9/24 MP: 2/2
   549 | D:1      | Reached XP level 3. HP: 30/30 MP: 3/3
  1154 | D:2      | Found a sparkling altar of Nemelex Xobeh.
  1170 | D:2      | Became a worshipper of Nemelex Xobeh the Trickster
  1205 | D:2      | Received a gift from Nemelex Xobeh
  1268 | D:2      | Noticed Sigmund
  1278 | D:2      | Killed Sigmund
  1278 | D:2      | Reached XP level 4. HP: 9/41 MP: 4/4
  1278 | D:2      | Reached XP level 5. HP: 10/47 MP: 5/5
  1278 | D:2      | Reached XP level 6. HP: 12/53 MP: 6/6
  2182 | D:3      | Reached * piety under Nemelex Xobeh
  2661 | D:3      | Reached skill level 1 in Polearms
  3162 | D:4      | Reached XP level 7. HP: 48/59 MP: 7/7
  3273 | D:4      | Reached skill level 1 in Invocations
  3653 | D:4      | Noticed Pikel
  3713 | D:4      | Killed Pikel
  3713 | D:4      | Reached skill level 1 in Evocations
  3713 | D:4      | Reached XP level 8. HP: 10/65 MP: 8/12
  4216 | D:4      | Found a sparkling altar of Nemelex Xobeh.
  4404 | D:5      | Entered Level 5 of the Dungeon
  4791 | D:5      | Found a staircase to the Ecumenical Temple.
  4796 | Temple   | Entered the Ecumenical Temple
  4996 | D:5      | Reached skill level 11 in Dodging
  4996 | D:5      | Reached XP level 9. HP: 70/70 MP: 13/13
  5144 | D:5      | Reached skill level 5 in Long Blades
  5521 | D:5      | Received a gift from Nemelex Xobeh
  5562 | D:5      | Found an iron altar of Okawaru.
  5564 | D:5      | Found a basalt altar of Yredelemnul.
  5566 | D:5      | Found a blossoming altar of Fedhas.
  6000 | D:5      | Reached ** piety under Nemelex Xobeh
  6098 | D:6      | Found a shattered altar of Ashenzari.
  6348 | D:6      | Found a transporter.
  6350 | D:6      | Noticed a deep elf archer
  6352 | D:6      | Found a transporter.
  6403 | D:6      | Reached XP level 10. HP: 77/77 MP: 14/14
  6557 | D:6      | Found a stormy altar of Qazlal.
  6557 | D:6      | Found a glowing golden altar of the Shining One.
  6558 | D:6      | Found a bloodstained altar of Trog.
  6720 | D:6      | Received a gift from Nemelex Xobeh
  6722 | D:6      | Found a shattered altar of Ashenzari.
  7784 | D:7      | Received a gift from Nemelex Xobeh
  7862 | D:7      | Noticed Menkaure
  7882 | D:7      | Killed Menkaure
  8175 | D:7      | You fall through a shaft!
  8770 | D:8      | Noticed a death yak
  8776 | D:8      | Noticed a queen ant
  8776 | D:8      | a death yak changed into a queen ant
  8808 | D:8      | Noticed a two-headed ogre
  8834 | D:8      | Killed a two-headed ogre
  8834 | D:8      | Reached skill level 5 in Evocations
  9096 | D:8      | Killed from afar by an orc

Skill      XL: |  1  2  3  4  5  6  7  8  9 10 |
---------------+-------------------------------+-----
Fighting       | 4 6 |  6.4
Polearms       | 2 |  2.1
Long Blades    | 3 4 6 |  6.0
Invocations    | 6 |  6.0
Evocations     | 1 5 |  5.0
Dodging        | 11 | 11.8
Armour         | 4 |  4.1
Shields        | |  3.0

Action                   |  1- 3 |  4- 6 |  7- 9 | 10-12 || total
-------------------------+-------+-------+-------+-------++-------
Melee: Long sword        |   108 |    19 |       |       ||   127
       Trident           |       |   158 |   220 |   220 ||   598
 Abil: Evoke Berserk Rag |       |       |       |     3 ||     3
Evoke: Wand              |       |       |     2 |     1 ||     3
       Deck              |       |       |     2 |    21 ||    23
  Use: Scroll            |       |     6 |       |     1 ||     7
       Potion            |       |       |     8 |     1 ||     9
  Eat: Chunk             |     1 |     6 |    11 |     8 ||    26
       Ration            |       |       |       |     1 ||     1
Armor: Scale mail        |    63 |     3 |       |       ||    66
       Chain mail        |       |   121 |   115 |    42 ||   278
       Plate armour      |       |       |       |   111 ||   111
Dodge: Dodged            |    77 |    72 |    88 |   157 ||   394
       Rpst.: Long sword |    16 |     5 |       |       ||    21
